Map: Hard Lead LE

Players

SubN - Winner!

  • Race: Zerg Zerg
  • League: Diamond
  • Spawn Location: 11:00

ESPARTAXD

  • Race: Terran Terran
  • League: Diamond
  • Spawn Location: 5:00

VOD

Have the link to the VOD?

Description

Time

  • Played on: Nov. 18, 2023, 3:33 p.m.
  • Length: 22:52
Show
View Real Time Build Order
Export as new Build Order

SubN Zerg - Winner!

Build Orders: Hatch First 

Get SALT Encoding   

  12  0:00  Drone  
  13  0:12  Overlord  
  13  0:18  Drone  
  14  0:30  Drone x2  
  14  0:34  Drone  
  17  0:37  Extractor  
  16  0:44  Drone  
  17  0:57  Hatchery  
  16  1:05  Drone  
  17  1:17  Spawning Pool  
  16  1:22  Drone  
  16  1:25  Drone  
  18  1:28  Drone  
  19  1:39  Overlord  
  19  1:49  Drone  
  20  2:03  Lair  
  20  2:19  Drone  
  20  2:22  Queen  
  21  2:25  Zergling x4  
  25  2:30  Metabolic Boost  
  25  2:34  Zergling x2  
  25  2:35  Zergling x6  
  29  3:03  Queen  
  29  3:04  Overlord  
  29  3:05  Overlord  
  31  3:11  Queen  
  33  3:20  Nydus Network  
  32  3:28  Zergling x4  
  32  3:30  Zergling x4  
  36  3:39  Queen  
  38  3:47  Zergling x2, Queen  
  38  3:48  Zergling x2  
  42  3:59  Zergling x8  
  46  4:03  Drone  
  46  4:06  Drone  
  48  4:11  Overlord  
  48  4:30  Nydus Canal  
  48  4:32  Overseer  
  48  4:41  Spine Crawler  
  48  4:42  Spine Crawler x2  
  41  4:50  Zergling x4  
  41  4:51  Zergling x2  
  41  5:07  Spine Crawler  
  41  5:11  Spore Crawler  
  31  5:30  Zergling x2  
  31  5:31  Zergling x6  
  28  5:47  Zergling x8  
  32  6:03  Drone x3  
  35  6:17  Drone x3  
  38  6:27  Queen  
  40  6:35  Drone x2  
  40  6:37  Drone  
  43  6:52  Drone x4  
  47  6:55  Drone  
  48  7:02  Overseer  
  48  7:09  Queen  
  50  7:21  Evolution Chamber  
  49  7:25  Roach Warren  
  49  7:26  Spine Crawler  
  47  7:33  Evolution Chamber  
  47  7:35  Drone x7  
  53  7:41  Queen  
  55  7:52  Overseer, Zerg Missile Weapons Level 1  
  55  7:55  Drone  
  55  7:56  Drone x3  
  59  8:00  Extractor  
  59  8:01  Zerg Ground Armor Level 1  
  58  8:26  Overlord x4  
  58  8:28  Glial Reconstitution  
  58  8:35  Extractor  
  57  8:43  Overlord x2  
  57  8:45  Drone x2  
  57  8:46  Drone x2  
  57  8:47  Drone  
  62  8:49  Roach x3  
  62  8:51  Extractor  
  67  8:55  Drone  
  67  8:56  Drone  
  69  9:04  Roach x2  
  69  9:05  Roach  
  75  9:12  Roach x3  
  75  9:13  Roach  
  66  9:32  Roach x4  
  66  9:37  Roach x3  
  66  9:38  Roach  
  82  9:55  Roach x5  
  92  10:05  Roach  
  92  10:06  Roach  
  92  10:07  Zerg Missile Weapons Level 2  
  92  10:26  Overlord x3  
  88  10:29  Hatchery  
  77  10:39  Roach  
  77  10:40  Roach x3  
  85  10:50  Roach x3  
  85  10:51  Roach  
  93  10:59  Overseer  
  69  11:18  Drone x9  
  76  11:26  Ravager x3  
  79  11:33  Drone x2  
  81  11:42  Zerg Ground Armor Level 2  
  81  11:45  Drone x7  
  88  11:50  Queen  
  90  11:56  Drone x3  
  83  12:09  Extractor  
  82  12:19  Spine Crawler  
  82  12:22  Zergling x2  
  82  12:23  Zergling x16  
  82  12:26  Queen  
  82  12:28  Baneling Nest  
  91  12:36  Zergling x2  
  95  12:37  Zergling x6  
  95  12:40  Zerg Melee Weapons Level 1  
  95  12:50  Hydralisk Den  
  94  12:54  Extractor  
  93  13:08  Zergling x18  
  93  13:09  Zergling x4  
  104  13:15  Baneling x11  
  104  13:16  Baneling x15  
  104  13:17  Centrifugal Hooks  
  104  13:19  Hydralisk  
  104  13:20  Hydralisk x2  
  110  13:28  Zergling x2  
  110  13:30  Zergling x2  
  110  13:31  Overlord  
  110  13:32  Overlord  
  112  13:42  Drone x3  
  112  13:44  Drone  
  112  13:47  Zergling x2  
  112  13:48  Zergling x8  
  121  13:50  Baneling  
  121  13:51  Baneling x19  
  121  13:52  Baneling  
  121  13:56  Grooved Spines  
  121  14:11  Hydralisk  
  121  14:12  Hydralisk x5, Infestation Pit  
  121  14:16  Overlord  
  131  14:29  Hatchery  
  130  14:31  Extractor  
  130  14:32  Extractor  
  109  14:46  Muscular Augments  
  103  14:56  Hatchery  
  103  14:59  Hydralisk x2  
  104  15:00  Hydralisk x6  
  104  15:03  Overlord  
  118  15:07  Queen  
  110  15:28  Hydralisk x4  
  97  15:29  Hydralisk x2  
  99  15:43  Lurker Den  
  99  15:44  Zergling x12  
  99  15:45  Zergling x6  
  107  16:01  Overlord x2  
  107  16:02  Queen  
  109  16:06  Zergling x2  
  109  16:07  Zergling x8  
  114  16:15  Hive  
  114  16:19  Drone x2  
  114  16:22  Baneling x4  
  114  16:23  Baneling  
  114  16:24  Baneling  
  114  16:25  Baneling  
  116  16:26  Baneling  
  116  16:34  Zergling x4  
  118  16:53  Baneling  
  118  16:54  Baneling x7  
  113  17:02  Lurker  
  113  17:03  Lurker x8  
  113  17:05  Hatchery  
  121  17:14  Drone x6  
  127  17:17  Drone x2  
  129  17:38  Drone x11  
  129  17:41  Overlord  
  140  17:44  Overseer x2  
  140  17:50  Overlord x2  
  140  17:53  Drone x2  
  140  17:55  Queen  
  144  17:59  Extractor  
  144  18:01  Extractor  
  144  18:04  Drone x3  
  145  18:06  Drone x4  
  145  18:08  Drone  
  145  18:11  Seismic Spines  
  150  18:28  Hydralisk  
  150  18:29  Hydralisk x5  
  162  18:37  Overlord x2  
  162  18:38  Overlord  
  162  18:39  Hydralisk x2  
  162  18:40  Hydralisk  
  168  18:42  Zergling x2  
  168  18:43  Zergling x6  
  168  18:44  Zergling x2  
  173  18:51  Pneumatized Carapace  
  165  19:09  Adaptive Talons  
  152  19:18  Viper x2  
  152  19:19  Viper x3  
  152  19:23  Zergling x8  
  152  19:24  Zergling x16  
  179  19:26  Baneling x2  
  179  19:27  Baneling x6  
  179  19:30  Overlord  
  179  19:31  Zerg Melee Weapons Level 2  
  179  19:33  Zerg Missile Weapons Level 3  
  179  20:05  Zergling x30  
  179  20:06  Zergling x4  
  196  20:18  Queen  
  129  20:43  Zergling x10  
  129  20:44  Zergling x26  
  145  20:53  Hydralisk x2  
  145  20:54  Hydralisk x4  
  145  21:12  Zergling x12  
  145  21:13  Zergling x4  
  145  21:16  Baneling x8  
  145  21:17  Baneling x6  
  145  21:18  Zergling x20, Hatchery  
  153  21:20  Extractor x2  
  151  21:36  Hydralisk x6  
  151  21:37  Hydralisk x5  
  164  21:45  Hydralisk  
  164  21:46  Hydralisk x7  
  174  21:50  Baneling x3  
  174  22:09  Zergling x8  
  174  22:10  Zergling x14  
Show
View Real Time Build Order
Export as new Build Order

ESPARTAXD Terran 

Build Orders: Hellion Opening 

Get SALT Encoding   

  12  0:00  SCV  
  13  0:13  SCV  
  14  0:17  Supply Depot  
  14  0:25  SCV  
  15  0:46  Barracks  
  15  0:47  SCV  
  15  0:49  Refinery  
  16  0:59  SCV  
  17  1:15  SCV  
  18  1:37  Marine  
  18  1:39  Command Center, Orbital Command  
  19  1:55  Factory  
  19  2:03  Supply Depot  
  19  2:06  SCV  
  20  2:11  Barracks Reactor  
  20  2:19  SCV  
  21  2:31  SCV  
  22  2:43  SCV  
  23  2:48  Supply Depot  
  23  2:53  Hellion x2  
  23  2:54  Orbital Command  
  23  2:55  SCV  
  28  2:58  Barracks Tech Lab  
  28  3:11  Supply Depot  
  28  3:14  Hellion  
  28  3:15  Hellion  
  28  3:18  Engineering Bay  
  32  3:22  SCV x2  
  32  3:26  Marine  
  35  3:30  Stimpack  
  35  3:34  SCV x2  
  35  3:36  Hellion  
  35  3:39  Hellion  
  41  3:47  Supply Depot  
  41  3:52  Marine  
  42  3:55  SCV  
  42  3:56  SCV  
  42  3:59  Supply Depot  
  44  4:06  Terran Infantry Weapons Level 1  
  44  4:08  SCV x2  
  46  4:11  Marine  
  47  4:20  Barracks x2  
  47  4:21  Supply Depot  
  47  4:25  Refinery, Barracks, SCV  
  48  4:37  SCV  
  49  4:43  Marine  
  50  4:49  SCV  
  45  5:01  Marine  
  45  5:04  Hellion x2  
  37  5:19  Marine  
  31  5:37  Marine  
  29  5:46  SCV  
  25  5:58  SCV  
  25  6:00  Marine  
  27  6:10  SCV  
  28  6:16  Hellion x2  
  32  6:22  SCV  
  32  6:24  Barracks Reactor  
  33  6:34  SCV  
  34  6:42  Command Center  
  34  6:45  Barracks Reactor  
  34  6:46  SCV  
  35  6:53  Refinery  
  35  6:58  SCV  
  36  7:10  Widow Mine  
  36  7:11  SCV, Widow Mine  
  36  7:12  Marine x2  
  43  7:22  Marine x2  
  45  7:46  Widow Mine x2  
  45  7:48  Marine x3  
  45  7:49  Marine  
  53  7:54  Orbital Command  
  53  8:21  SCV  
  53  8:22  SCV  
  55  8:33  SCV  
  55  8:34  SCV  
  57  8:35  Marine x2, Widow Mine x2  
  57  8:36  Marine x2  
  57  8:39  Terran Infantry Armor Level 1  
  65  8:46  SCV  
  66  8:51  Armory  
  66  8:53  Marine x2  
  66  8:54  Marine x2  
  70  9:11  Marine x4  
  70  9:14  Refinery  
  70  9:15  SCV x2  
  76  9:27  SCV x2  
  76  9:29  Marine x2  
  76  9:39  SCV x2  
  78  9:50  Factory Tech Lab  
  78  9:51  SCV  
  59  10:15  Marine x2  
  59  10:16  Siege Tank  
  59  10:17  Marine  
  59  10:18  Marine  
  60  10:33  Marine  
  60  10:34  Marine x2  
  57  10:35  Marine  
  58  10:50  Supply Depot  
  58  10:51  Marine  
  58  10:52  Supply Depot x2, Marine x2  
  59  11:11  Supply Depot  
  59  11:12  Supply Depot, Siege Tank  
  62  11:22  SCV x2  
  64  11:34  SCV x2  
  64  11:35  Supply Depot x2  
  64  11:37  Factory  
  64  11:39  Refinery  
  66  11:41  Starport  
  66  11:44  Siege Tank  
  66  11:46  SCV  
  69  12:03  Engineering Bay  
  65  12:18  Marine x4  
  65  12:20  Siege Tank  
  72  12:25  Starport Reactor  
  72  12:32  Terran Infantry Weapons Level 2  
  72  12:35  SCV  
  72  12:36  Marine x4  
  77  12:45  Missile Turret  
  77  12:46  Medivac x2  
  77  12:48  SCV  
  77  12:50  Factory Tech Lab  
  82  12:52  Siege Tank  
  82  12:54  Marine x4  
  82  12:57  Barracks  
  89  13:00  SCV  
  90  13:12  Marine x4, SCV  
  95  13:16  Medivac x2  
  95  13:19  Supply Depot  
  99  13:20  Supply Depot  
  99  13:24  SCV  
  100  13:27  Command Center, Siege Tank x2  
  106  13:40  Marine x4  
  110  13:44  Supply Depot  
  110  13:58  Marine x4  
  114  14:13  Siege Tank x2  
  114  14:15  Marine, Medivac x2  
  114  14:16  Marine x3  
  128  14:18  Barracks Tech Lab  
  128  14:45  Viking x2  
  100  14:58  Siege Tank x2  
  100  14:59  Combat Shield  
  78  15:30  Marine x4, Siege Tank  
  78  15:31  Siege Tank  
  85  15:47  Marine  
  85  15:48  Marine x3  
  89  15:53  Orbital Command  
  89  16:02  Siege Tank  
  92  16:05  Marine x4  
  96  16:23  Marine  
  96  16:24  Sensor Tower  
  97  16:31  Concussive Shells  
  97  16:34  Marauder  
  99  16:41  Terran Vehicle Weapons Level 1  
  91  16:55  Marauder  
  91  16:59  SCV x3  
  96  17:05  Siege Tank x2  
  102  17:11  SCV x3  
  105  17:16  Marauder  
  105  17:22  Liberator x2  
  113  17:32  Refinery  
  113  17:33  Refinery  
  113  17:37  Siege Tank x2  
  113  17:38  Marauder  
  121  17:47  Supply Depot  
  121  17:48  Supply Depot  
  121  17:51  Supply Depot  
  121  17:59  Marauder  
  121  18:01  SCV x3  
  126  18:06  Sensor Tower  
  126  18:09  Siege Tank, Liberator x2  
  135  18:13  SCV  
  130  19:07  Command Center  
  127  19:18  Orbital Command  
  127  19:34  Marine  
  127  19:38  Marauder, Marine  
  130  19:39  Marine x2  
  130  19:43  Medivac  
  135  19:52  Marine  
  136  19:56  Marine x3  
  136  19:59  Marauder  
  141  20:00  Refinery  
  141  20:10  Marine  
  142  20:14  Marine x3  
  142  20:21  Marauder, Terran Vehicle Weapons Level 2  
  147  20:23  Orbital Command  
  147  20:27  Marine  
  132  20:42  Marauder  
  121  21:04  Marauder  
  121  21:07  Marine x4  
  119  21:24  Marine  
  119  21:25  Marine x4  
  116  21:43  Marauder, Marine x2  
  118  21:49  Marine  
  118  21:50  Siege Tank x2  
  121  22:04  Marauder  
  124  22:26  Marauder  
  123  22:37  Sensor Tower  
Tags
 
Add a new tag
Caveats
  • Supply blocks, unpowered buildings, or Contaminate may cause inaccurate times.
  • Supply counts are checked every 10 seconds.